 Seeded DCSS version 0.27.1-34-g3ba077fa99 (webtiles) character file.

Game seed: 17853175367328873602 (custom seed)

631630 pkoi the Minotaur Cataclysm (level 27, -3/231 HPs)
             Began as a Minotaur Fighter on Jan 24, 2022.
             Was a High Priest of Qazlal.
             Slain by a very large slime creature (8 damage)
             ... while paralysed by a floating eye
             ... on level 5 of the Pits of Slime.
             The game lasted 02:35:29 (81314 turns).

pkoi the Minotaur Cataclysm (Minotaur Fighter)     Turns: 81314, Time: 02:35:29

Health: -3/231     AC: 21    Str: 25 (26) XL:     27
Magic:  35/35      EV:  2    Int: 17 (18) God:    Qazlal [*****.]
Gold:   7250       SH:  0    Dex: 11      Spells: 41/43 levels left

rFire    + + +     SeeInvis +   g - +8 demon blade "Leech" {vamp, *Rage +Rage rN+}
rCold    + + +     Faith    .   c - +1 kite shield
rNeg     + + .     Spirit   .   J - +9 gold dragon scales
rPois    +         Reflect  +   (helmet unavailable)
rElec    .         Harm     .   s - +3 cloak "Ryperr" {rN+ Int+4 SInv}
rCorr    .         Rampage  .   U - +1 pair of gloves "Wiruzuip" {rF+ Will+}
Will     +++..     Rnd*Rage +   R - +1 pair of boots of Greed {Int+2}
Stlth    ..........             D - amulet of Umoron {Reflect Int+2 SH+5}
HPRegen  0.48/turn              a - ring of Cuse {Drain rPois rF++ Int+2 SInv}
MPRegen  0.24/turn              l - ring "Jemucwy" {rC++ AC+4}

@: paralysed, protected from physical damage, corroded, unable to read, studying
Axes, repel missiles
A: horns 3, retaliatory headbutt, agile 1, deformed body, deterioration 2, dopey
1, low mp 1, screaming 1, weak 2, inability to read while threatened
}: 3/15 runes: decaying, silver, gossamer
a: Renounce Religion, Evoke Berserk Rage, Upheaval, Elemental Force, Disaster
Area


You were on level 5 of the Pits of Slime.
You worshipped Qazlal.
Qazlal was extremely pleased with you.
You visited 11 branches of the dungeon, and saw 53 of its levels.
You visited the Abyss 2 times.
You visited 1 bazaar.
You also visited: Bailey and Ice Cave.

You collected 12690 gold pieces.
You spent 5440 gold pieces at shops.

Inventory:

Hand Weapons
 g - the +8 demon blade "Leech" (weapon) {vamp, *Rage +Rage rN+}
   (You acquired it on level 13 of the Dungeon)

   It heals its wielder for a portion of the damage dealt every time it strikes
   a living foe.
   rN:        It protects you from negative energy.
   +Rage:     It lets you go berserk.
   *Rage:     It may make you go berserk in combat.
 I - the +7 scimitar of the Philosopher {drain, Str+3 SInv}
   (You bought it in a shop on level 12 of the Dungeon)

   A truly terrible weapon, it drains the life of any living foe it strikes.
   Str:       It affects your strength (+3).
   SInv:      It lets you see invisible.
 P - a +1 scimitar of flaming
Missiles
 x - a throwing net
Armour
 c - a +1 kite shield (worn)
 s - the +3 cloak "Ryperr" (worn) {rN+ Int+4 SInv}
   (You acquired it on level 2 of the Dungeon)

   Int:       It affects your intelligence (+4).
   rN:        It protects you from negative energy.
   SInv:      It lets you see invisible.
 J - +9 gold dragon scales (worn)
 R - the +1 pair of boots of Greed (worn) {Int+2}
   (You found it on level 4 of the Spider Nest)

   Int:       It affects your intelligence (+2).
 U - the +1 pair of gloves "Wiruzuip" (worn) {rF+ Will+}
   (You acquired it on level 5 of the Vaults)

   rF:        It protects you from fire.
   Will:      It increases your willpower.
Jewellery
 a - the ring of Cuse (left hand) {Drain rPois rF++ Int+2 SInv}
   (You bought it in a shop in a bazaar)

   [ring of see invisible]

   Int:       It affects your intelligence (+2).
   rF:        It greatly protects you from fire.
   rPois:     It protects you from poison.
   SInv:      It lets you see invisible.
   Drain:     It drains your maximum health when unequipped.
 f - a ring of resist corrosion
 l - the ring "Jemucwy" (right hand) {rC++ AC+4}
   (You found it in an ice cave)

   [ring of protection]

   AC:        It affects your AC (+4).
   rC:        It greatly protects you from cold.
 D - the amulet of Umoron (around neck) {Reflect Int+2 SH+5}
   (You took it off a deep elf annihilator on level 3 of the Elven Halls)

   [amulet of reflection]

   It reflects blocked missile attacks.
   Int:       It affects your intelligence (+2).
   SH:        It affects your SH (+5).
Wands
 e - a wand of flame (59) (quivered)
 v - a wand of digging (27)
 B - a wand of mindburst (38)
 C - a wand of acid (4)
 E - a wand of paralysis (6)
 K - a wand of charming (32)
 M - a wand of polymorph (41)
 N - a wand of iceblast (66)
Scrolls
 i - 4 scrolls of magic mapping
 m - 9 scrolls of enchant weapon
 n - 6 scrolls of blinking
 t - a scroll of holy word
 u - 14 scrolls of teleportation
 w - 8 scrolls of fear
 F - 31 scrolls of identify
 H - a scroll of silence
 L - 10 scrolls of amnesia
 T - 3 scrolls of fog
Potions
 b - 16 potions of curing
 d - 11 potions of might
 h - 9 potions of haste
 j - 4 potions of magic
 k - 5 potions of flight
 o - 10 potions of heal wounds
 p - 5 potions of brilliance
 q - 4 potions of berserk rage
 A - 4 potions of cancellation
 O - 5 potions of ambrosia
 X - a potion of invisibility
Miscellaneous
 y - a condenser vane
 Q - a phantom mirror
 S - a box of beasts


   Skills:
 + Level 15.9 Fighting
 + Level 18.8 Long Blades
 + Level 17.4 Armour
 + Level 16.0 Dodging
 + Level 20.9 Shields
 + Level 8.7 Spellcasting
 + Level 9.5 Translocations
 O Level 27 Invocations
 + Level 16.6 Evocations


You had 41 spell levels left.
You knew the following spells:

 Your Spells              Type           Power      Damage    Failure   Level
a - Blink                 Tloc           N/A        N/A       6%          2

Your spell library contained the following spells:

 Spells                   Type           Power      Damage    Failure   Level
 Gell's Gravitas          Tloc           19%        N/A       12%         3
 Lesser Beckoning         Tloc           19%        N/A       12%         3
 Teleport Other           Tloc           39%        N/A       12%         3
 Passage of Golubria      Tloc           N/A        N/A       36%         4
 Portal Projectile        Hex/Tloc       46%        N/A       63%         3
 Manifold Assault         Tloc           39%        N/A       71%         5
 Beastly Appendage        Tmut           14%        N/A       88%         1
 Foxfire                  Conj/Fire      28%        2x1d5     88%         1
 Freeze                   Ice            28%        1d5       88%         1
 Sandblast                Erth           14%        2d6       88%         1
 Sting                    Tmut/Pois      28%        1d4       88%         1
 Summon Small Mammal      Summ           28%        N/A       88%         1
 Iskenderun's Mystic Bla  Conj/Tloc      23%        2d6       95%         4
 Passwall                 Tmut/Erth      5%         N/A       96%         2
 Poisonous Vapours        Pois/Air       14%        N/A       96%         2
 Slow                     Hex            7%         N/A       96%         2
 Static Discharge         Conj/Air       7%         N/A       96%         2
 Sublimation of Blood     Necr           3%         N/A       96%         2
 Wereblood                Tmut           7%         N/A       96%         2
 Call Canine Familiar     Summ           7%         N/A       99%         3
 Confusing Touch          Hex            7%         N/A       99%         3
 Conjure Flame            Conj/Fire      7%         6-21      99%         3
 Dazzling Flash           Conj/Hex       14%        N/A       99%         3
 Frozen Ramparts          Ice            14%        1d3       99%         3
 Ignite Poison            Fire/Tmut/Pois 7%         N/A       99%         3
 Inner Flame              Hex/Fire       7%         N/A       99%         3
 Mephitic Cloud           Conj/Pois/Air  7%         N/A       99%         3
 Ozocubu's Armour         Ice            7%         N/A       99%         3
 Spider Form              Tmut/Pois      3%         N/A       99%         3
 Stone Arrow              Conj/Erth      14%        3d7       99%         3
 Summon Guardian Golem    Hex/Summ       7%         N/A       99%         3
 Tukima's Dance           Hex            7%         N/A       99%         3
 Vampiric Draining        Necr           3%         2d6       99%         3
 Animate Armour           Summ/Erth      14%        N/A       100%        4
 Fulminant Prism          Conj/Hex       3%         3d6       100%        4
 Hailstorm                Conj/Ice       7%         3d4       100%        4
 Ice Form                 Ice/Tmut       7%         N/A       100%        4
 Leda's Liquefaction      Hex/Erth       3%         N/A       100%        4
 Olgreb's Toxic Radiance  Pois           7%         N/A       100%        4
 Petrify                  Tmut/Erth      7%         N/A       100%        4
 Summon Ice Beast         Ice/Summ       7%         N/A       100%        4
 Summon Lightning Spire   Summ/Air       7%         N/A       100%        4
 Alistair's Intoxication  Tmut/Pois      4%         N/A       100%        5
 Blade Hands              Tmut           3%         N/A       100%        5
 Bolt of Magma            Conj/Fire/Erth 3%         4d5       100%        5
 Borgnjor's Vile Clutch   Necr/Erth      3%         N/A       100%        5
 Fireball                 Conj/Fire      3%         3d4       100%        5
 Lightning Bolt           Conj/Air       3%         1d15      100%        5
 Summon Forest            Summ/Tloc      11%        N/A       100%        5
 Yara's Violent Unravell  Hex/Tmut       3%         3d4       100%        5
 Eringya's Noxious Bog    Tmut/Pois      3%         N/A       100%        6
 Iron Shot                Conj/Erth      3%         9d2       100%        6
 Simulacrum               Ice/Necr       3%         N/A       100%        6
 Starburst                Conj/Fire      3%         6d3       100%        6
 Statue Form              Tmut/Erth      4%         N/A       100%        6
 Orb of Destruction       Conj           3%         9d1       100%        7
 Ozocubu's Refrigeration  Ice            3%         4d5       100%        7
 Spellforged Servitor     Conj/Summ      3%         N/A       100%        7
 Storm Form               Tmut/Air       3%         N/A       100%        7
 Summon Hydra             Summ           3%         N/A       100%        7
 Borgnjor's Revivificati  Necr           3%         N/A       100%        8
 Ignition                 Fire           3%         3d4       100%        8
 Maxwell's Capacitive Co  Air            3%         ∞         100%        8
 Necromutation            Tmut/Necr      3%         N/A       100%        8
 Death's Door             Necr           3%         N/A       100%        9
 Polar Vortex             Ice            3%         N/A       100%        9


Dungeon Overview and Level Annotations

Branches:
Dungeon (15/15)            Temple (1/1) D:5            Lair (6/6) D:11
  Swamp (4/4) Lair:3       Spider (4/4) Lair:2        Slime (5/5) Lair:5
    Orc (2/2) D:9             Elf (3/3) Orc:2        Vaults (5/5) D:13
  Crypt (0/3) Vaults:2     Depths (5/5) D:15            Zot (3/5) Depths:5
 Bailey (visited)           IceCv (visited)

Altars:
Ashenzari
Cheibriados
Dithmenos
Elyvilon
Fedhas
Gozag
Hepliaklqana
Kikubaaqudgha
Makhleb
Nemelex Xobeh
Okawaru
Qazlal
Ru
Sif Muna
Trog
Uskayaw
Vehumet
Wu Jian
Xom
Yredelemnul
Zin
The Shining One
Jiyva

Shops:
D:1 (=[[   D:3 [   D:12 [(   D:14 (   Orc:2 =[*(   Vaults:4 (   Depths:2 [
Depths:4 =:

Portals:
Hell: Depths:1 Depths:2 Depths:3* Depths:4 Depths:5
Abyss: D:5 Depths:1 Depths:4
Pandemonium: Depths:3
Ziggurat: Depths:3

Annotations:
Vaults:2 3 runed translucent doors, Fubom's ghost, veteran HOEn
Depths:2 2 runed translucent doors


Innate Abilities, Weirdness & Mutations

You have a pair of large horns on your head.
You reflexively headbutt those who attack you in melee.
You are agile. (Dex +2)
Armour fits poorly on your strangely shaped body.
Your body often deteriorates upon taking damage.
You are dopey. (Int -2)
Your magical capacity is low. (-10% MP)
You occasionally shout uncontrollably at your foes.
You are very weak. (Str -4)
You sometimes lose the ability to read scrolls when taking damage.


Message History

The very large slime creature is moderately wounded.
You block the very large slime creature's attack.
Unknown command.
You hit the very large slime creature but do no damage.
The very large slime creature is moderately wounded.
The floating eye's view fixates on you. The slime creature hits you.
* * * LOW HITPOINT WARNING * * *
You feel more protected from physical attacks.
Unknown command.
You slash the very large slime creature!
You feel better.
The very large slime creature is moderately wounded.
The golden eye blinks at you. You resist with almost no effort.
You block the very large slime creature's attack.
Unknown command.
You slice the very large slime creature!!
You feel better.
The very large slime creature is heavily wounded.
The slime creature hits you but does no damage.
The golden eye blinks at you. You resist with some effort.
Unknown command.
You hit the very large slime creature but do no damage.
The very large slime creature is heavily wounded.
The very large slime creature hits you but does no damage.
The floating eye gazes piercingly through you!
You suddenly lose the ability to move!
The slime creature hits you.
* * * LOW HITPOINT WARNING * * *
The golden eye blinks at you. You resist with almost no effort.
The very large slime creature hits you!!!
* * * LOW HITPOINT WARNING * * *
The golden eye blinks at you. You resist with almost no effort.
The floating eye's stare focuses on you.
The slime creature hits you but does no damage.
The very large slime creature hits you!
You die...

.................#
................##[# .#
...............##[$? #.#
.............### |?##..#
.............# )=:....
............## "$.....
............## }.=....
.............####○○.....
............#GJ@.......
.............G#J§§.....
............####.......
..........## ?.[....
........# }?.....
......... ![[....
......... :=##..#
......... ?([ #.#
..........


You could see a very large slime creature, a slime creature, a floating eye
(charged) and a golden eye.

Vanquished Creatures
  the Royal Jelly (Slime:5)
  A dread lich (Vaults:4)
  2 ancient liches
  An orb of fire (Zot:2)
  Mennas (Vaults:2)
  Mara (Depths:2)
  A juggernaut (Depths:5)
  Sojobo (Vaults:5)
  Bai Suzhen (Spider:4)
  Saint Roka (Depths:2)
  A caustic shrike (shapeshifter) (Vaults:5)
  8 golden dragons
  Arachne (Spider:4)
  A Brimstone Fiend (Depths:3)
  7 tentacled monstrosities
  Rupert (D:14)
  Jorgrun (Swamp:2)
  5 liches
  6 titans
  Asterion (Vaults:1)
  3 deep elf blademasters
  2 deep elf master archers (Elf:3)
  A quicksilver dragon (Vaults:4)
  2 Executioners (Depths:3)
  2 sphinxes
  5 tentacled starspawn (Abyss:2)
  Kirke (D:14)
  23 acid blobs
  4 death cobs
  11 tengu reavers
  2 storm dragons (Zot:2)
  2 draconian monks
  10 shadow dragons
  Roxanne (Swamp:2)
  13 rockslimes
  6 azure jellies
  10 fire giants
  16 frost giants
  9 deep elf sorcerers
  2 draconian knights
  2 iron dragons
  16 vault wardens
  2 draconian shifters
  Louise (Swamp:4)
  6 emperor scorpions
  2 draconian scorchers
  A balrug (Depths:2)
  3 draconian stormcallers
  A cacodemon (Depths:3)
  25 ironbound preservers
  3 ghost moths
  2 angels (Elf:2)
  13 stone giants
  12 quicksilver oozes
  4 deep elf elementalists
  4 war gargoyles
  3 vampire knights
  A draconian annihilator (Zot:1)
  38 very ugly things
  5 green draconians
  7 deep elf demonologists
  A lorocyproca (Abyss:2)
  4 black draconians (Zot:3)
  5 yellow draconians
  5 entropy weavers
  12 deep elf annihilators
  6 bunyips
  5 red draconians
  6 purple draconians
  3 dire elephants
  A bunyip (shapeshifter) (Vaults:5)
  4 eleionomae
  9 spark wasps
  A merfolk impaler (Depths:5)
  9 white draconians
  7 deep elf death magi
  3 jiangshi (Depths:2)
  15 ettins
  3 crystal guardians
  A green death (Depths:3)
  11 fire dragons
  Josephine (D:11)
  15 great orbs of eyes
  16 yaktaur captains
  30 hydras
  3 shambling mangroves
  Fannar (D:11)
  6 ironbound thunderhulks
  11 boulder beetles
  5 ice dragons
  2 peacekeepers
  6 deep elf high priests
  29 vault guards
  The ghost of Fractals the Prestidigitator, a journeyman DsWn of Okawaru (Lair:1)
  6 ogre magi
  10 centaur warriors
  5 spriggan air magi
  A ghost crab (Swamp:3)
  A death knight (D:15)
  2 rakshasas
  28 two-headed ogres
  A naga warrior (Vaults:2)
  A catoblepas (D:14)
  10 death yaks
  3 deep troll earth magi
  A deep troll shaman (Depths:4)
  11 ironbound frosthearts
  29 dancing weapons
  9 alligators
  A hell hog (Abyss:2)
  8 tengu warriors
  A titan zombie (Vaults:4)
  4 vampire magi
  8 death scarabs (Spider:4)
  An orc high priest (Elf:2)
  A shock serpent (Zot:3)
  3 sun demons
  8 ironbound beastmasters
  Urug (Lair:4)
  10 hell knights
  A soul eater (Depths:3)
  4 spriggan berserkers
  4 thrashing horrors (Abyss:2)
  A spectral emperor scorpion (Spider:4)
  18 deep elf knights
  2 wretched stars (Abyss:2)
  A titan skeleton (Abyss:2)
  2 sixfirhies
  4 iron trolls
  A storm dragon skeleton (Depths:3)
  2 shadow wraiths (Abyss:2)
  8 goliath frogs
  10 spriggan druids
  76 deep trolls
  17 swamp dragons
  13 wizards
  14 deep elf archers
  An orange crystal statue (IceCv)
  22 ironbound convokers
  6 bog bodies
  A flayed ghost (D:13)
  3 glowing orange brains (Depths:4)
  4 spectral wolf spiders (Spider:4)
  14 lindwurms
  Pikel (D:6)
  8 phantasmal warriors
  2 wolf spider zombies (Spider:4)
  15 orb spiders
  4 harpies (Vaults:2)
  5 orc knights
  28 deep elf zephyrmancers
  5 necromancers
  24 deep elf pyromancers
  59 ugly things
  5 will-o-the-wisps
  21 wolf spiders
  3 manticores
  5 shining eyes
  7 cyclopes
  A tengu skeleton (Vaults:4)
  3 oklob plants
  4 orc sorcerers
  12 moths of wrath
  2 fire giant skeletons
  A guardian serpent (shapeshifter) (Vaults:5)
  2 worldbinders (Abyss:2)
  Maurice (D:10)
  11 elephants (Lair:6)
  An apocalypse crab (Abyss:2)
  An eye of devastation (Slime:5)
  2 naga magi (D:15)
  An eye of devastation (shapeshifter) (Vaults:5)
  A torpor snail (Spider:1)
  14 vault sentinels
  A human skeleton (Vaults:4)
  A rust devil (Abyss:2)
  2 smoke demons (Abyss:2)
  5 black mambas
  A titan simulacrum (Depths:3)
  2 gargoyles
  An elf zombie (Depths:3)
  9 spectral redbacks (Spider:4)
  Maggie (D:7)
  2 centaur skeletons (D:15)
  6 storm dragon simulacra (IceCv)
  26 cane toads
  An efreet (D:13)
  28 yaktaurs
  2 unseen horrors (D:11)
  2 kobold demonologists
  A rime drake (Lair:4)
  8 tengu conjurers
  4 freezing wraiths
  A yaktaur (shapeshifter) (Vaults:1)
  21 demonic crawlers
  An ice devil (Abyss:2)
  A merfolk (shapeshifter) (Vaults:5)
  A golden dragon simulacrum (IceCv)
  7 komodo dragons
  7 trolls
  4 polar bears
  5 ancient zymes (Abyss:2)
  42 jumping spiders
  6 large abominations (Abyss:2)
  3 meliai
  The ghost of delverdan the Carver, an amateur MiFi (D:5)
  2 bloated husks
  31 blink frogs
  29 hornets
  2 spectral jumping spiders (Spider:4)
  15 tyrant leeches
  A snapping turtle (shapeshifter) (Vaults:5)
  2 jumping spider zombies (Spider:4)
  A tarantella zombie (Spider:4)
  127 slime creatures
  6 spectral tarantellas (Spider:4)
  A frost giant simulacrum (Depths:3)
  An air elemental (Elf:2)
  A shadow (D:11)
  16 spriggans
  A centaur simulacrum (D:15)
  3 ynoxinuls (Abyss:2)
  A tarantella (shapeshifter) (Depths:5)
  A vampire (D:12)
  97 redbacks
  2 water elementals
  A spriggan (shapeshifter) (D:13)
  42 tarantellas
  6 wyverns
  A fire bat (Abyss:2)
  A chaos spawn (Abyss:2)
  3 hogs (D:14)
  6 wraiths
  4 basilisks
  47 yaks
  8 golden eyes
  A fire elemental (Orc:2)
  8 vampire mosquitoes
  4 wargs
  7 small abominations (Abyss:2)
  2 steam dragons
  A neqoxec (Abyss:2)
  Menkaure (D:7)
  2 acid dragons
  17 swamp worms
  A water moccasin (shapeshifter) (Vaults:5)
  18 water moccasins
  A human simulacrum (Vaults:1)
  Duvessa (D:7)
  10 swamp drakes
  A spriggan simulacrum (Depths:3)
  A black bear (Lair:2)
  3 spectral hornets (Spider:4)
  2 ice beasts
  4 sky beasts
  27 starcursed masses (Abyss:2)
  28 ogres
  35 orc warriors
  8 ice dragon simulacra (IceCv)
  7 wolves
  8 boggarts
  10 centaurs
  2 lemures
  21 bullfrogs
  3 gnoll sergeants
  Dowan (D:7)
  3 earth elementals
  5 scorpions
  A wyvern skeleton (D:6)
  A water moccasin skeleton (D:4)
  The ghost of mrw3rdna the Skirmisher, a weakling DsAK of Lugonu (D:3)
  A killer bee (D:9)
  12 wights
  6 lindwurm simulacra (IceCv)
  2 electric eels (Lair:6)
  A crimson imp (D:4)
  3 howler monkeys
  A bullfrog zombie (D:7)
  9 centaur zombies
  3 quasits (Abyss:2)
  A hound (D:5)
  6 jellies (D:6)
  14 orc priests
  An iron imp (Abyss:2)
  A bullfrog skeleton (D:6)
  4 iguanas
  Jessica (D:3)
  Terence (D:3)
  Natasha (thrice) (D:2)
  13 orc wizards
  3 hound skeletons
  Robin (D:3)
  7 adders
  17 gnolls
  2 shadow imps
  6 white imps
  3 ufetubi
  2 worms
  2 dart slugs (D:1)
  70 orcs
  18 endoplasms
  3 giant cockroaches
  12 goblins
  14 hobgoblins
  2 jackals (D:5)
  4 quokkas
  11 ball pythons
  3 bats
  4 frilled lizards
  10 kobolds
  6 rats
  A butterfly (D:5)
  A starspawn tentacle (Abyss:2)
2391 creatures vanquished.

Vanquished Creatures (collateral kills)
  A deep elf elementalist (Elf:3)
  A hydra (Swamp:3)
  A swamp drake (Swamp:4)
3 creatures vanquished.

Vanquished Creatures (others)
  A storm dragon (Zot:3)
  2 black draconians
  A hydra (Swamp:4)
  2 deep elf knights
  A deep elf archer (Elf:2)
  A deep elf pyromancer (Elf:2)
  2 deep elf zephyrmancers (Elf:1)
  2 bloated husks
  A slime creature (Slime:2)
  2 redbacks (Spider:2)
  A spriggan (Swamp:3)
  A water elemental (Elf:2)
  2 orc warriors
  A swamp drake (Swamp:4)
  A boggart (Vaults:4)
  2 orcs
  A ball lightning (Zot:3)
  A bush (Lair:6)
  10 foxfires
  41 fungi
  A lurking horror (Abyss:2)
  88 plants
  7 starspawn tentacles (Abyss:2)
172 creatures vanquished.

Grand Total: 2566 creatures vanquished

Notes
Turn   | Place    | Note
-------+----------+-------------------------------------------
     0 | D:1      | pkoi the Minotaur Fighter began the quest for the Orb.
     0 | D:1      | Reached XP level 1. HP: 19/19 MP: 0/0
     6 | D:1      | Found Ymiphipywn's Antique Armour Shoppe.
    17 | D:1      | Reached XP level 2. HP: 24/26 MP: 1/1
    45 | D:1      | Found a faded altar of an unknown god.
   151 | D:1      | Identified a scroll of acquirement
   151 | D:1      | Acquired 789 gold pieces
   189 | D:1      | Bought a fine ring mail for 198 gold pieces
   189 | D:1      | Identified the +3 ring mail of Esosih {Regen+ Slay+5} (You
                  | bought it in a shop on level 1 of the Dungeon)
   272 | D:1      | Found Edghybrae's Jewellery Shoppe.
   285 | D:1      | Bought the ring "Zofryec" {rPois rF+ MP+9} for 529 gold
                  | pieces
   435 | D:1      | Reached XP level 3. HP: 31/31 MP: 2/2
   496 | D:1      | Found Lisolata's Antique Armour Shoppe.
   571 | D:1      | Found Jipnam's Antique Weapon Shoppe.
   595 | D:2      | Noticed Natasha
   598 | D:2      | Killed Natasha
   650 | D:2      | Noticed Natasha
   653 | D:2      | Killed Natasha
   654 | D:2      | Reached XP level 4. HP: 39/39 MP: 3/3
   879 | D:2      | Noticed Natasha
   888 | D:2      | Killed Natasha
   946 | D:2      | Reached XP level 5. HP: 45/45 MP: 4/4
   994 | D:2      | Found an ancient bone altar of Kikubaaqudgha.
  1018 | D:2      | Acquired the +3 cloak "Ryperr" {rN+ Int+4 SInv}
  1245 | D:3      | Noticed Robin
  1270 | D:3      | Killed Robin
  1280 | D:3      | Noticed Jessica
  1286 | D:3      | Killed Jessica
  1309 | D:3      | Found Laukhlesu's Armour Emporium.
  1347 | D:3      | Found a blossoming altar of Fedhas.
  1382 | D:3      | Found a stormy altar of Qazlal.
  1421 | D:3      | Reached XP level 6. HP: 51/51 MP: 5/5
  1426 | D:3      | Became a worshipper of Qazlal Stormbringer
  1452 | D:3      | Noticed Terence
  1455 | D:3      | Killed Terence
  1456 | D:3      | Reached skill level 5 in Shields
  1500 | D:3      | Found a runed translucent door.
  1500 | D:3      | Noticed mrw3rdna's ghost (weakling DsAK)
  1846 | D:4      | Reached skill level 10 in Long Blades
  1901 | D:4      | Reached skill level 1 in Invocations
  2513 | D:4      | Reached skill level 2 in Invocations
  2513 | D:4      | Reached XP level 7. HP: 57/57 MP: 7/7
  2532 | D:5      | Entered Level 5 of the Dungeon
  2572 | D:5      | Found a staircase to the Ecumenical Temple.
  2581 | D:5      | Found a basalt altar of Yredelemnul.
  2614 | Temple   | Entered the Ecumenical Temple
  2865 | D:5      | Reached skill level 3 in Invocations
  2967 | D:5      | Found a transporter.
  2980 | D:5      | Noticed a yak
  2981 | D:5      | Noticed a yak
  2981 | D:5      | Noticed a yak
  2981 | D:5      | Noticed a yak
  2982 | D:5      | Noticed a yak
  2983 | D:5      | Noticed a yak
  3020 | D:5      | Killed a yak
  3021 | D:5      | Reached XP level 8. HP: 60/64 MP: 9/9
  3022 | D:5      | Reached skill level 4 in Invocations
  3025 | D:5      | Reached * piety under Qazlal
  3043 | D:5      | Reached skill level 5 in Invocations
  3043 | D:5      | Acquired a manual of Evocations
  3056 | D:5      | Found a transporter.
  3066 | D:5      | Noticed delverdan's ghost (amateur MiFi)
  3067 | D:5      | Found a one-way gate to the infinite horrors of the Abyss.
  3215 | D:5      | Reached skill level 1 in Evocations
  3336 | D:6      | Reached XP level 9. HP: 70/70 MP: 12/12
  3681 | D:6      | Noticed Pikel
  3899 | D:6      | Found a shimmering altar of Xom.
  3927 | D:6      | Reached skill level 6 in Invocations
  3990 | D:6      | Noticed a two-headed ogre
  3997 | D:6      | Killed a two-headed ogre
  4196 | D:6      | Killed Pikel
  4197 | D:6      | Reached skill level 7 in Invocations
  4512 | D:6      | Noticed an oklob plant
  4513 | D:6      | Reached ** piety under Qazlal
  4534 | D:6      | Reached XP level 10. HP: 77/77 MP: 14/14
  4672 | D:7      | Noticed Duvessa
  4674 | D:7      | Noticed Dowan
  4676 | D:7      | Killed Duvessa
  4689 | D:7      | Killed Dowan
  4690 | D:7      | Found a hazy altar of Hepliaklqana.
  4885 | D:7      | Acquired 1167 gold pieces
  5049 | D:1      | Bought an ancient scale mail for 198 gold pieces
  5049 | D:1      | Identified the +0 scale mail "Petuqus" {Fly Str+7} (You
                  | bought it in a shop on level 1 of the Dungeon)
  5297 | D:7      | Noticed Maggie
  5304 | D:7      | Killed Maggie
  5305 | D:7      | Reached skill level 5 in Evocations
  5388 | D:7      | Noticed a gargoyle
  5403 | D:7      | Killed a gargoyle
  5771 | D:7      | Noticed Menkaure
  5776 | D:7      | Killed Menkaure
  5841 | D:8      | Reached skill level 8 in Invocations
  5904 | D:8      | Found a glowing silver altar of Zin.
  6525 | D:9      | Reached XP level 11. HP: 63/82 MP: 16/16
  6534 | D:9      | Reached skill level 9 in Invocations
  6752 | D:9      | Found a staircase to the Orcish Mines.
  6838 | D:9      | Reached *** piety under Qazlal
  6888 | D:9      | Noticed a two-headed ogre
  6909 | D:9      | Killed a two-headed ogre
  7552 | D:10     | Entered Level 10 of the Dungeon
  7606 | D:10     | Found a flagged portal.
  7627 | Bailey   | Entered a bailey
  7627 | Bailey   | Noticed an orc knight
  7641 | Bailey   | Reached skill level 10 in Invocations
  7646 | Bailey   | Reached skill level 10 in Shields
  8107 | Bailey   | Killed an orc knight
  8153 | Bailey   | Noticed an orc knight
  8164 | Bailey   | Killed an orc knight
  8263 | Bailey   | Noticed an orc knight
  8273 | Bailey   | Killed an orc knight
  8492 | D:10     | Noticed a two-headed ogre
  8501 | D:10     | Killed a two-headed ogre
  8536 | D:10     | Noticed Maurice
  8540 | D:10     | Killed Maurice
  8661 | D:10     | Reached skill level 11 in Invocations
  8720 | D:10     | Reached XP level 12. HP: 88/90 MP: 19/19
  8945 | D:11     | Noticed a boulder beetle
  8968 | D:11     | Killed a boulder beetle
  9065 | D:11     | Noticed a two-headed ogre
  9081 | D:11     | Reached skill level 10 in Evocations
  9094 | D:11     | Noticed a two-headed ogre
  9096 | D:11     | Reached skill level 12 in Invocations
  9100 | D:11     | Killed a two-headed ogre
  9107 | D:11     | Killed a two-headed ogre
  9409 | D:11     | Noticed Fannar
  9421 | D:11     | Killed Fannar
 10036 | D:11     | Noticed Josephine
 10047 | D:11     | Killed Josephine
 10208 | D:11     | Found a staircase to the Lair.
 10504 | Lair:1   | Entered Level 1 of the Lair of Beasts
 10523 | Lair:1   | Found a runed translucent door.
 10525 | Lair:1   | Noticed Fractals's ghost (journeyman DsWn)
 10605 | Lair:1   | Noticed a seven-headed hydra
 10612 | Lair:1   | Reached skill level 1 in Dodging
 10613 | Lair:1   | Killed a seven-headed hydra
 10719 | Lair:1   | Noticed an eight-headed hydra
 10722 | Lair:1   | Reached XP level 13. HP: 94/95 MP: 21/21
 10807 | Lair:1   | Reached skill level 13 in Invocations
 11512 | Lair:2   | Found a hole to the Spider Nest.
 12077 | Lair:2   | Identified the +1 ring mail of the Beekeeper {rC+ Regen+
                  | Str+4}
 12284 | Lair:2   | Reached skill level 5 in Armour
 13030 | Lair:3   | Found a staircase to the Swamp.
 13871 | Lair:4   | You fall into a shaft and drop 2 floors!
 13871 | Lair:6   | Entered Level 6 of the Lair of Beasts
 13898 | Lair:6   | Reached XP level 14. HP: 102/102 MP: 23/23
 13914 | Lair:6   | Reached skill level 14 in Invocations
 13951 | Lair:6   | Reached skill level 5 in Dodging
 14394 | Lair:6   | Reached **** piety under Qazlal
 14477 | Lair:4   | Noticed Urug
 14484 | Lair:4   | Killed Urug
 15234 | Lair:5   | Found a viscous altar of Jiyva.
 15234 | Lair:5   | Found a staircase to the Slime Pits.
 15313 | Lair:6   | Reached skill level 5 in Fighting
 15419 | Lair:6   | Identified the ring of Usu Etin {rPois rF+ rC- rN+}
 15514 | Lair:6   | Reached skill level 15 in Shields
 16046 | D:12     | Found a flickering gateway to a bazaar.
 16066 | Bazaar   | Entered a bazaar
 16066 | Bazaar   | Found Belim's Jewellery Emporium.
 16079 | Bazaar   | Found Epuzxu Xoum's Distillery.
 16085 | Bazaar   | Found Orelext's Distillery.
 16089 | Bazaar   | Found Meumoic's Assorted Antiques.
 16117 | Bazaar   | Found Jaovodyg's Assorted Antiques.
 16214 | Bazaar   | Bought the ring of Cuse {Drain rPois rF++ Int+2 SInv} for
                  | 676 gold pieces
 16220 | Bazaar   | Bought a potion of heal wounds for 75 gold pieces
 16225 | Bazaar   | Bought a potion of curing for 51 gold pieces
 16225 | Bazaar   | Bought a potion of heal wounds for 85 gold pieces
 16231 | Bazaar   | Bought a scroll of fear for 101 gold pieces
 16231 | Bazaar   | Bought a scroll of teleportation for 87 gold pieces
 16487 | D:12     | Found Futafuc's Antique Weapon Shoppe.
 16520 | D:12     | Bought a masterwork scimitar for 216 gold pieces
 16520 | D:12     | Identified the +7 scimitar of the Philosopher {drain, Str+3
                  | SInv} (You bought it in a shop on level 12 of the Dungeon)
 16990 | D:12     | Found Hasokiuk's Armour Boutique.
 16993 | D:12     | Bought the +2 hat of the Bear Spirit {Spirit, +Rage rN+
                  | Will++} for 625 gold pieces
 16993 | D:12     | Found the +2 hat of the Bear Spirit {Spirit, +Rage rN+
                  | Will++}
 17420 | D:13     | Reached XP level 15. HP: 92/114 MP: 19/25
 17510 | D:13     | Reached skill level 15 in Invocations
 17794 | D:13     | Found the +7 pair of quick blades "Gyre" and "Gimble"
                  | {protect}
 17802 | D:13     | Got the Collected Works on Ice
 18237 | D:13     | Found a gate to the Vaults.
 18368 | Orc:1    | Entered Level 1 of the Orcish Mines
 18748 | Orc:2    | Entered Level 2 of the Orcish Mines
 19376 | Orc:2    | Found a staircase to the Elven Halls.
 19386 | Orc:2    | Reached ***** piety under Qazlal
 19530 | Orc:2    | Found Hisokha's Antique Weapon Shoppe.
 19531 | Orc:2    | Found Peagrov's General Store.
 19531 | Orc:2    | Found Anezaub's Jewellery Emporium.
 19531 | Orc:2    | Found Ittugg's Armour Shop.
 20080 | Spider:1 | Entered Level 1 of the Spider Nest
 20285 | Spider:1 | Reached skill level 16 in Invocations
 20434 | Spider:1 | Reached skill level 10 in Armour
 20519 | Spider:1 | Reached XP level 16. HP: 126/128 MP: 14/27
 23428 | D:3      | Killed mrw3rdna's ghost
 23528 | D:5      | Killed delverdan's ghost
 23817 | Lair:1   | Killed Fractals's ghost
 23920 | Swamp:1  | Entered Level 1 of the Swamp
 24258 | Swamp:1  | Reached ****** piety under Qazlal
 24673 | Swamp:2  | Noticed Jorgrun
 24681 | Swamp:2  | Reached skill level 17 in Invocations
 24688 | Swamp:1  | Reached skill level 10 in Dodging
 24802 | Swamp:2  | Killed Jorgrun
 24841 | Swamp:2  | Reached XP level 17. HP: 130/139 MP: 25/28
 24884 | Swamp:2  | Reached skill level 10 in Fighting
 25727 | Swamp:2  | Noticed Roxanne
 25742 | Swamp:2  | Killed Roxanne
 26961 | Swamp:3  | Reached skill level 15 in Long Blades
 27650 | Spider:3 | Acquired 618 gold pieces
 28019 | Spider:3 | Reached skill level 18 in Invocations
 28380 | Elf:1    | Entered Level 1 of the Elven Halls
 28618 | Elf:1    | Reached XP level 18. HP: 92/149 MP: 12/30
 28670 | Elf:1    | Found a frozen archway.
 28676 | IceCv    | Entered an ice cave
 29171 | IceCv    | Identified the ring "Jemucwy" {rC++ AC+4}
 29241 | IceCv    | Identified the ring of Moruj {rC+ Str-2 Int+3 Dex+7 SInv}
 30020 | Elf:1    | Identified the +1 chain mail of Mezcal {Rampage rN+ Will-
                  | Str+3}
 30129 | Elf:1    | Learned a level 2 spell: Blink
 30876 | Elf:2    | Reached skill level 1 in Translocations
 30882 | Elf:2    | Reached skill level 1 in Spellcasting
 31299 | Elf:2    | Found a runed translucent gate.
 31300 | Elf:2    | Found a runed translucent gate.
 31531 | Elf:2    | Found a runed translucent gate.
 31692 | Elf:2    | Found a white marble altar of Elyvilon.
 31692 | Elf:2    | Found a glowing silver altar of Zin.
 31704 | Elf:2    | Found a glowing golden altar of the Shining One.
 32497 | Elf:3    | Entered Level 3 of the Elven Halls
 32807 | Elf:2    | Reached XP level 19. HP: 128/158 MP: 25/31
 33098 | Elf:3    | Reached skill level 19 in Invocations
 33430 | Elf:3    | Noticed a Tzitzimitl
 33578 | Elf:3    | Cast into level 2 of the Abyss (a deep elf demonologist)
 33590 | Abyss:2  | Identified the +7 hand crossbow "Jualiqag" {penet, rPois
                  | rF+++ Int-3 Stlth-}
 33754 | Abyss:2  | Paralysed by accursed screaming for 1 turns
 33798 | Elf:3    | Escaped the Abyss
 34409 | Elf:3    | Identified the +1 robe of a treasure trove {Contam rCorr
                  | Int+3}
 34414 | Elf:3    | Identified the +8 morningstar of Balance {vorpal, +Blink
                  | rC+ rCorr Int+3}
 34452 | Elf:3    | Identified the amulet "Renoin" {rPois rC- Regen+ Str+4}
 34460 | Elf:3    | Reached skill level 20 in Invocations
 34545 | Elf:3    | Identified the +4 mace "Bacruo" {vorpal, SInv}
 34611 | Elf:3    | Got the Grimoire of Unholy Magic and Moulding
 34647 | Elf:3    | Got the Reference Book on Twisted Earth
 34755 | Elf:3    | Identified the amulet of Umoron {Reflect Int+2 SH+5}
 35401 | D:14     | Noticed Kirke
 35408 | D:14     | Killed Kirke
 35936 | D:14     | Found Hufotz's Antique Weapon Boutique.
 35960 | D:14     | Noticed Rupert
 35973 | D:14     | Killed Rupert
 36670 | D:15     | Entered Level 15 of the Dungeon
 37237 | D:15     | Found a staircase to the Depths.
 37545 | Depths:1 | Entered Level 1 of the Depths
 37627 | Depths:1 | Found a bloodstained altar of Trog.
 37649 | Depths:1 | Reached XP level 20. HP: 136/166 MP: 25/33
 38302 | Depths:1 | Found a gateway to Hell.
 38596 | Depths:2 | Reached skill level 21 in Invocations
 38608 | Depths:2 | Noticed Saint Roka
 38626 | Depths:2 | Killed Saint Roka
 38970 | Depths:2 | Found Jaraph's Antique Armour Boutique.
 39011 | Depths:2 | Bought an ichor-stained plate armour for 644 gold pieces
 39011 | Depths:2 | Identified the +9 plate armour "Peraov Adut" {Dex+4} (You
                  | bought it in a shop on level 2 of the Depths)
 39011 | Depths:2 | Bought faintly glowing storm dragon scales for 1955 gold
                  | pieces
 39011 | Depths:2 | Identified the +1 storm dragon scales of Yhumuqin {rElec
                  | rF+ Str+2 Dex+3} (You bought it in a shop on level 2 of the
                  | Depths)
 39184 | Depths:2 | Noticed Mara
 39193 | Depths:2 | Noticed pkoi's illusion
 39216 | Depths:2 | Killed Mara
 39532 | Depths:2 | Found a runed translucent door.
 39534 | Depths:2 | Noticed a juggernaut
 39555 | Depths:2 | Reached skill level 5 in Translocations
 39653 | Depths:2 | Found a runed translucent door.
 39737 | Depths:2 | Found an opulent altar of Gozag.
 40845 | Depths:3 | Reached XP level 21. HP: 172/172 MP: 34/34
 41162 | Depths:3 | Found a one-way gate leading to the halls of Pandemonium.
 41279 | Depths:3 | Found a gateway to a ziggurat.
 41345 | Depths:3 | Found an ornate altar of the Wu Jian Council.
 41631 | Depths:3 | Reached skill level 5 in Spellcasting
 41650 | Depths:3 | Gained mutation: You tend to lose your temper in combat. [a
                  | cacodemon]
 41886 | Depths:3 | Found a burning altar of Makhleb.
 41889 | Depths:3 | Found the +9 sword of Zonguldrok {reap}
 41904 | Depths:3 | Identified the +9 shortbow of Embarrassment {vorpal, rElec
                  | rCorr MP+9 Int-2}
 41907 | Depths:3 | Got Jawk's Collected Works on Malediction
 42621 | Swamp:4  | Entered Level 4 of the Swamp
 42726 | Swamp:4  | Noticed Louise
 42742 | Swamp:4  | Killed Louise
 43522 | Elf:3    | Identified the +2 battleaxe "Anguith" {protect, rElec Int-2
                  | Dex+6}
 43911 | Swamp:4  | Identified the +1 robe of Hopscotch {rC++}
 44771 | Lair:2   | Lost mutation: You tend to lose your temper in combat.
                  | [potion of mutation]
 44771 | Lair:2   | Gained mutation: You possess an exceptional clarity of
                  | mind. [potion of mutation]
 44771 | Lair:2   | Gained mutation: You have a pair of large horns on your
                  | head. [potion of mutation]
 45708 | Swamp:4  | Got a decaying rune of Zot
 46015 | Spider:4 | Entered Level 4 of the Spider Nest
 46970 | Spider:4 | Noticed Bai Suzhen
 46978 | Spider:4 | Killed Bai Suzhen
 47362 | Spider:4 | Identified the +1 pair of boots of Greed {Int+2}
 47830 | Spider:4 | Noticed Arachne
 47885 | Spider:4 | Killed Arachne
 48509 | Spider:4 | Reached XP level 22. HP: 181/181 MP: 23/35
 48539 | Spider:4 | Got a gossamer rune of Zot
 48826 | Slime:1  | Entered Level 1 of the Pits of Slime
 49339 | Vaults:1 | Entered Level 1 of the Vaults
 49398 | Vaults:1 | Noticed Asterion
 49415 | Vaults:1 | Killed Asterion
 49416 | Vaults:1 | Reached skill level 22 in Invocations
 50166 | Vaults:1 | Paralysed by a great orb of eyes for 3 turns
 51314 | Vaults:1 | Reached skill level 23 in Invocations
 51727 | Vaults:1 | Found the +8 storm bow {elec, penet}
 54251 | Vaults:1 | Reached skill level 24 in Invocations
 54421 | Vaults:2 | Reached XP level 23. HP: 188/188 MP: 38/38
 54959 | Vaults:2 | Noticed Mennas
 55004 | Vaults:2 | Killed Mennas
 55711 | Vaults:2 | You fall into a shaft and drop 2 floors!
 55842 | Vaults:2 | Found a staircase to the Crypt.
 55842 | Vaults:2 | Found a basalt altar of Yredelemnul.
 55843 | Vaults:2 | Found an ancient bone altar of Kikubaaqudgha.
 56171 | Vaults:2 | Found a runed translucent gate.
 56171 | Vaults:2 | Found a runed translucent gate.
 56172 | Vaults:2 | Found a runed translucent gate.
 56172 | Vaults:2 | Noticed Fubom's ghost (veteran HOEn)
 56173 | Vaults:2 | Identified the ring "Teyd" {rF+ rCorr Int+3 Dex+3}
 56390 | Vaults:2 | Identified the +3 leather armour "Cetseo" {Harm Fly rPois}
 56392 | Vaults:2 | Found an iron altar of Okawaru.
 57109 | Vaults:3 | Reached skill level 25 in Invocations
 58963 | Vaults:4 | Identified the +5 short sword "Pabelo" {vamp, rC+ rN+
                  | Stlth+}
 59316 | Vaults:4 | Found Abitow's Weapon Shoppe.
 59533 | Vaults:4 | Noticed a dread lich
 59548 | Vaults:4 | Killed a dread lich
 59549 | Vaults:4 | Reached skill level 26 in Invocations
 60545 | Vaults:5 | Entered Level 5 of the Vaults
 60547 | Vaults:5 | Reached XP level 24. HP: 195/195 MP: 32/39
 60742 | Vaults:5 | Noticed an ancient lich
 61794 | Vaults:5 | Reached skill level 27 in Invocations
 61796 | Vaults:5 | Killed an ancient lich
 61809 | Vaults:4 | HP: 9/187 [shadow dragon (9)]
 62856 | Vaults:5 | Cast into level 2 of the Abyss (a deep elf demonologist)
 63077 | Abyss:2  | Paralysed by accursed screaming for 2 turns
 63088 | Vaults:5 | Escaped the Abyss
 63098 | Vaults:4 | Reached skill level 15 in Evocations
 64245 | Vaults:4 | Paralysed by an ogre mage for 5 turns
 65003 | Vaults:4 | Reached skill level 15 in Armour
 65698 | Vaults:5 | Noticed an ancient lich
 65702 | Vaults:5 | Reached XP level 25. HP: 206/206 MP: 39/39
 66406 | Vaults:4 | Killed an ancient lich
 66816 | Vaults:5 | Found Afeidoemo's Distillery.
 66826 | Vaults:5 | Got a silver rune of Zot
 67510 | Vaults:5 | Acquired the +1 pair of gloves "Wiruzuip" {rF+ Will+}
 67822 | Vaults:5 | Identified the amulet "Futzen" {Will+ Regen+}
 68379 | Vaults:5 | Noticed Sojobo
 68384 | Vaults:5 | Paralysed by an air elemental for 1 turns
 68390 | Vaults:5 | Paralysed by an air elemental for 1 turns
 68454 | Vaults:5 | Killed Sojobo
 69330 | Depths:3 | Acquired the +8 demon blade "Leech" {vamp, *Rage +Rage rN+}
 69330 | Depths:3 | Found the +8 demon blade "Leech" {vamp, *Rage +Rage rN+}
 70060 | Depths:4 | Found Koem's Jewellery Shop.
 70060 | Depths:4 | Found Ori Gema's Book Emporium.
 70061 | Depths:4 | Found Jaitho's Book Emporium.
 70359 | Depths:4 | Identified the +7 shortbow of Experimentation {venom, rC+
                  | Will+}
 70412 | Depths:5 | Entered Level 5 of the Depths
 70824 | Depths:5 | Found a gate to the Realm of Zot.
 71458 | Depths:5 | Noticed a juggernaut
 71489 | Depths:5 | Killed a juggernaut
 71490 | Depths:5 | Reached XP level 26. HP: 218/218 MP: 39/39
 71705 | Zot:1    | Entered Level 1 of the Realm of Zot
 72292 | Zot:1    | You fall into a shaft and drop 1 floor!
 72437 | Zot:2    | Noticed an orb of fire
 72450 | Zot:2    | Gained mutation: Your spells are a little easier to cast,
                  | but a little less powerful. [an orb of fire]
 72500 | Zot:1    | Reached skill level 15 in Dodging
 73027 | Zot:2    | Lost mutation: You possess an exceptional clarity of mind.
                  | [an orb of fire]
 73034 | Zot:2    | Gained mutation: You are weak. (Str -2) [an orb of fire]
 73042 | Zot:2    | Gained mutation: Your magical capacity is low. (-10% MP)
                  | [an orb of fire]
 73047 | Zot:2    | Killed an orb of fire
 74169 | Zot:3    | Reached skill level 15 in Fighting
 75714 | Depths:5 | Lost mutation: Your spells are a little easier to cast, but
                  | a little less powerful. [potion of mutation]
 75714 | Depths:5 | Lost mutation: You are weak. (Str -2) [potion of mutation]
 76863 | Slime:1  | Found a viscous altar of Jiyva.
 78537 | Slime:4  | Reached XP level 27. HP: 191/229 MP: 35/35
 79335 | Slime:3  | HP: 11/231 [acid (13)]
 79338 | Slime:3  | HP: 5/231 [acid (17)]
 79916 | Slime:5  | Entered Level 5 of the Pits of Slime
 80500 | Slime:5  | Gained mutation: You sometimes lose the ability to read
                  | scrolls when taking damage. [a shining eye]
 80503 | Slime:5  | Noticed the Royal Jelly
 80736 | Slime:5  | Killed the Royal Jelly
 81217 | Slime:5  | Gained mutation: You are weak. (Str -2) [a shining eye]
 81220 | Slime:5  | Gained mutation: You are very weak. (Str -4) [a shining
                  | eye]
 81230 | Slime:5  | Gained mutation: You occasionally shout uncontrollably at
                  | your foes. [a shining eye]
 81276 | Slime:5  | Gained mutation: Your body sometimes deteriorates upon
                  | taking damage. [a shining eye]
 81276 | Slime:5  | Gained mutation: Armour fits poorly on your strangely
                  | shaped body. [a shining eye]
 81278 | Slime:5  | Gained mutation: Your body often deteriorates upon taking
                  | damage. [a shining eye]
 81280 | Slime:5  | Gained mutation: You are agile. (Dex +2) [a shining eye]
 81283 | Slime:5  | Paralysed by a floating eye for 2 turns
 81283 | Slime:5  | Gained mutation: You are dopey. (Int -2) [a shining eye]
 81302 | Slime:5  | Paralysed by a floating eye for 2 turns
 81312 | Slime:5  | Paralysed by a floating eye for 3 turns
 81313 | Slime:5  | HP: 4/231 [very large slime creature (53)]
 81314 | Slime:5  | Slain by a very large slime creature

Illustrated notes

Levels and vault maps discovered:
D:1:      psy_arrival_basics, layout_rooms, hellmonk_ecumenical_altar_run_dry,
          serial_shops, nicolae_lakefront_shop, shop, shop, shop
D:2:      minmay_chambers_of_twos, layout_basic, basic_altar,
          hangedman_decor_growths, uniq_natasha
D:3:      layout_rooms, mainiacjoe_overflow_brackets, general_overflow_altar,
          serial_shops, nicolae_shop_crystal, ebering_ghost_inner_flame,
          uniq_jessica, uniq_robin, uniq_terence
D:4:      layout_loops_ring, minmay_fire_ice_demons
D:5:      layout_rooms, overflow_temple_1_default,
          minmay_temple_entry_butterflies, gammafunk_ghost_abyssal_escape
D:6:      lemuel_slime, layout_layer_cave, mainiacjoe_overflow_catwalk,
          minmay_between, uniq_pikel
D:7:      layout_loops_ring, mainiacjoe_overflow_six_doors_small,
          minmay_microvault, uniq_duvessa, uniq_menkaure, uniq_maggie
D:8:      layout_loops_ring, mainiacjoe_overflow_alcove_1,
          kennysheep_decorative_pillar
D:9:      layout_gridville, orc_0_dummy, hangedman_minor_gate_pass
D:10:     layout_roguey, enter_bailey_6, uniq_maurice
D:11:     minmay_four_partial_circles, layout_basic,
          grunt_lair_entry_orc_guard_hut, uniq_josephine, uniq_fannar
D:12:     layout_layer_cave, serial_shops, bzr_in_the_mist,
          nicolae_shop_window_shopping, shop, evilmike_butchery
D:13:     minmay_the_grid_triangle_9x9_rhombus_thin_mashed
          [minmay_the_grid_triangle_9x9_wacky_v,
          minmay_the_grid_triangle_9x9_prize_schism,
          minmay_the_grid_triangle_9x9_zippers_horizontal,
          minmay_the_grid_triangle_9x9_intruding_spiral], layout_stronghold,
          david_vaults_1, kennysheep_nondescript
D:14:     layout_stronghold, serial_shops, shop, kennysheep_cluttered_room,
          hangedman_abyss_or_decor_jellyfish_corner, uniq_kirke, uniq_rupert
D:15:     grunt_enter_depths_magical_seal, layout_small_grid,
          minmay_splitting_lines
Temple:   eino_temple_rhombus
Lair:1:   layout_long_grid, gammafunk_ghost_grave
Lair:2:   layout_regular_city, spider_nest_entry_webs, grunt_megastairs_1
Lair:3:   layout_chaotic_city, swamp_mist_pool, hibernation_bobbens,
          minmay_lair_oklob_chamber, infiniplex_staircase_pool
Lair:4:   layout_loops_ring, uniq_urug
Lair:5:   layout_cave_shapes, dpeg_slime_entry_enclosed_altar,
          chequers_serial_rivers_micro_a
Lair:6:   minmay_lair_end_frog_pond, layout_gridlike
Swamp:1:  layout_basic_swamp, evilmike_swamp_ruin_rubble_1
Swamp:2:  nicolae_swamp_wrong_neighborhood, layout_falls_marsh,
          serial_swamp_ruin, evilmike_swamp_ruin_rubble_2,
          evilmike_swamp_ruin_house_2, evilmike_swamp_ruin_house_3,
          uniq_jorgrun, uniq_roxanne
Swamp:3:  layout_basic_swamp, nicolae_swamp_fairy_circle, swamp_pool4,
          hangedman_swamp_dais
Swamp:4:  swamp, layout_basic_swamp, swamp_pool1, uniq_louise
Spider:1: layout_spider_delve, drop_trap
Spider:2: nicolae_orb_stairs_large
Spider:3: nicolae_spider_hilbert_zone_4 [nicolae_spider_hilbert_4_sides_2_open,
          nicolae_spider_hilbert_4_sides_1_open,
          nicolae_spider_hilbert_4_sides_1_open,
          nicolae_spider_hilbert_4_sides_1_open,
          nicolae_spider_hilbert_4_sides_1_open,
          nicolae_spider_hilbert_2_sides_1_open,
          nicolae_spider_hilbert_2_sides_1_open,
          nicolae_spider_hilbert_2_sides_1_open,
          nicolae_spider_hilbert_2_sides_1_open,
          nicolae_spider_hilbert_6_sides_1_open,
          nicolae_spider_hilbert_6_sides_1_open,
          nicolae_spider_hilbert_3_sides_1_open,
          nicolae_spider_hilbert_3_sides_1_open],
          nicolae_spider_baby_got_redback
Spider:4: floodkiller_spider_rune_tomb, hangedman_spider_tarantella_strand,
          uniq_bai_suzhen, uniq_arachne
Slime:1:  layout_caves, basic_altar
Slime:2:  layout_caves
Slime:3:  layout_caves, nicolae_slime_barrier
Slime:4:  layout_caves
Slime:5
Orc:1:    layout_caves
Orc:2:    st_orc_ogre_mass, layout_diamond_mine
Elf:1:    layout_loops_cross, portal_ice_cave_entry_pillars_four,
          hangedman_elven_crosses_minicolossus, serial_sigils_hangedman_scar
Elf:2:    elven_hall_of_blades_hangedman_original
          [nicolae_blade_entry_sentries_behind_glass], layout_loops_cross,
          portal_desolation_entry_holy_temple, nrook_loot_triangle,
          nicolae_elf_w_pinch, lemuel_flamethrower_3
Elf:3:    grunt_elf_hall_branching, layout_loops_cross, serial_sigils,
          serial_sigils_hangedman_snap, serial_sigils_hangedman_carve,
          serial_sigils_hangedman_stare, serial_sigils_hangedman_snap
Vaults:1: nicolae_vaults_hallways_thing, vaults_mumra_chevron_long,
          hangedman_vaults_stitches, v_alt_pattern_2,
          hangedman_vaults_river_flow, minmay_guarded_unrand_secular_launcher,
          ontoclasm_vaults_spin, nicolae_vaults_ring_of_whatevers,
          vaults_dpeg_hooks, hangedman_vaults_stretched_pinwheel, serial_ice_g,
          vaults_dpeg_ring, serial_ice_m, layout_vaults_ring, uniq_asterion
Vaults:2: gammafunk_vaults_ghost_fury_of_okawaru, v_rooms_1, st_spiral_rooms,
          hangedman_vaults_capsules, v_misc_25, minmay_crypt_entry_necro_gods,
          nicolae_vaults_three_branches, nicolae_vaults_gold_heap, v_pattern_5,
          ontoclasm_vaults_idyll, layout_vaults_big_room, uniq_mennas,
          uniq_margery
Vaults:3: vaults_standard_mumra_enter_the_diamond, nicolae_vaults_c_with_doors,
          v_misc_14, hangedman_vaults_slice, hangedman_vaults_slice,
          nicolae_vaults_angled_halls, hangedman_vaults_hat, vaults_room_fours,
          layout_vaults_omnigrid
Vaults:4: v_rooms_4, v_misc_24, ontoclasm_vaults_gallery,
          hangedman_vaults_slither, vaults_room_door_ring,
          hangedman_vaults_impose, hangedman_vaults_stretched_pinwheel,
          nicolae_vaults_border_crossing, ontoclasm_vaults_ligature,
          vaults_room_corners, layout_vaults_omnicross, serial_shops, shop
Vaults:5: serial_shops, uniq_sojobo
Depths:1: layout_twisted_cross, minmay_misc_feat_iff,
          grunt_hell_entry_dis_grunt, abyss_entry, bloody_trog
Depths:2: minmay_expanding_circles, layout_cave_shapes, grunt_gozag_breadcrumbs,
          lightli_too_deep, serial_shops, nicolae_shop_crystal,
          chequers_serial_rivers_micro_e, minmay_three_doors,
          infiniplex_staircase_9_rooms, uniq_saint_roka, uniq_mara
Depths:3: evilmike_makhleb_hellhole, layout_basic, enter_ziggurat_b,
          hangedman_tar_grid_catacomb, pan_entry, serial_bayou_pond_e,
          nicolae_wu_jian_immortal_techniques
Depths:4: kennysheep_room_grid, layout_basic, hangedman_abyss_entry_splay,
          minmay_misc_feat_square, hell_entry, infiniplex_staircase_trident,
          minmay_shop_grove
Depths:5: evilmike_zot_entry_round, layout_gridlike, corexii_leaking_fountain,
          hangedman_geh_valley
Zot:1:    layout_concentric_octagons, st_single_dragon_hoard_2, st_stairs_9,
          hangedman_zot_gyre
Zot:2:    layout_cathedral_of_symmetry
Zot:3:    infiniplex_zot_generator, layout_onion_interference

Skill      XL: |  1  2  3  4  5  6  7  8  9 10 11 12 13 14 15 16 17 18 19 20 21 22 23 24 25 26 27 |
---------------+----------------------------------------------------------------------------------+-----
Long Blades    | 9 10 11 12 13 14 16 17 18 | 18.8
Shields        | 4 5 6 7 8 9 10 12 13 15 16 17 18 19 20 | 20.9
Invocations    | 2 3 5 7 8 11 12 13 14 16 17 18 20 21 24 26 27 | 27.0
Evocations     | 1 4 6 9 11 12 13 14 15 16 | 16.6
Dodging        | 1 4 6 8 10 11 12 13 14 15 16 | 16.0
Armour         | 4 6 8 10 11 12 13 14 15 16 17 | 17.4
Fighting       | 5 8 9 10 11 12 13 14 15 | 15.9
Translocations | 3 4 5 6 7 8 9 |  9.5
Spellcasting   | 3 4 6 7 8 |  8.7

Action                   |  1- 3 |  4- 6 |  7- 9 | 10-12 | 13-15 | 16-18 | 19-21 | 22-24 | 25-27 || total
-------------------------+-------+-------+-------+-------+-------+-------+-------+-------+-------++-------
Melee: Long sword        |    49 |   138 |   139 |   479 |   478 |       |       |       |       ||  1283
       Headbutt          |     4 |    23 |    42 |   166 |   322 |   385 |   546 |   645 |   548 ||  2681
       Short sword       |       |       |       |       |    11 |       |       |       |       ||    11
       Scimitar          |       |       |       |       |   475 |  1302 |  1523 |  1661 |   249 ||  5210
       Double sword      |       |       |       |       |       |       |   138 |       |       ||   138
       Demon blade       |       |       |       |       |       |       |       |       |  1552 ||  1552
 Fire: Arbalest          |       |       |       |    36 |       |       |       |       |       ||    36
Throw: Throwing net      |       |       |       |     1 |       |       |       |       |       ||     1
Invok: Upheaval          |       |       |       |    19 |    27 |    33 |    29 |    12 |    15 ||   135
       Elemental Force   |       |       |       |       |       |     2 |     4 |     1 |       ||     7
       Disaster Area     |       |       |       |       |       |       |     2 |     5 |     6 ||    13
Evoke: Wand              |       |       |       |    11 |       |    21 |     5 |       |       ||    37
  Use: Potion            |     1 |       |     7 |       |     1 |       |     1 |     1 |     5 ||    16
       Scroll            |     1 |     1 |    11 |     7 |     4 |     3 |     2 |     2 |    16 ||    47
 Stab: Confused          |       |       |       |       |       |     1 |       |       |       ||     1
       Petrified         |       |       |       |       |       |       |     7 |       |       ||     7
       Distracted        |       |       |       |       |       |       |       |       |     1 ||     1
Armor: Scale mail        |     5 |       |       |       |       |       |       |       |       ||     5
       Ring mail         |     6 |    55 |    37 |    94 |   145 |   328 |   106 |       |       ||   771
       Plate armour      |       |       |       |       |       |       |   591 |   694 |   109 ||  1394
       Gold dragon scale |       |       |       |       |       |       |       |       |   558 ||   558
Dodge: Dodged            |    12 |    27 |    22 |   111 |   252 |   412 |   583 |   582 |   305 ||  2306
       Repelled          |       |       |       |       |       |    20 |    15 |    13 |    26 ||    74
Block: Kite shield       |    16 |    64 |    93 |   326 |   736 |  1347 |  2227 |  2294 |  1775 ||  8878
       Other             |       |       |       |     6 |       |       |       |       |       ||     6
       Reflection        |       |       |       |       |       |    59 |    69 |    84 |    38 ||   250
       Rpst.: Long sword |     3 |     9 |     5 |    22 |    34 |       |       |       |       ||    73
       Scimitar          |       |       |       |       |    13 |    61 |    58 |    76 |     8 ||   216
       Double sword      |       |       |       |       |       |       |     5 |       |       ||     5
       Demon blade       |       |       |       |       |       |       |       |       |    40 ||    40
